 Dungeon Crawl Stone Soup version 0.22-b1-59-g0aedee7 (webtiles) character file.

12 HaroldButt the Firebug (level 2, -3/15 HPs)
             Began as a Deep Elf Fire Elementalist on Aug 9, 2018.
             Slain by a hobgoblin
             ... wielding a +0 club
              (5 damage)
             ... on level 1 of the Dungeon.
             The game lasted 00:02:10 (262 turns).

HaroldButt the Firebug (Deep Elf Fire Elementalist)  Turns: 262, Time: 00:02:11

Health: -3/15      AC:  2    Str:  5    XL:     2   Next: 20%
Magic:  0/8        EV: 13    Int: 19    God:
Gold:   11         SH:  0    Dex: 15    Spells: 6/7 levels left

rFire    . . .     SeeInvis .   (no weapon)
rCold    . . .     Gourm    .   (no shield)
rNeg     . . .     Faith    .   a - +0 robe
rPois    .         Spirit   .   (no helmet)
rElec    .         Reflect  .   (no cloak)
rCorr    .         Harm     .   (no gloves)
MR       .....                  (no boots)
Stlth    ++........             (no amulet)
HPRegen  0.05/turn              (no ring)
MPRegen  0.11/turn              (no ring)

@: no status effects
A: no striking features
a: no special abilities


You were on level 1 of the Dungeon.
You were not hungry.

You visited 1 branch of the dungeon, and saw 1 of its levels.

You collected 11 gold pieces.


   Skills:
 - Level 2.4 Dodging
 - Level 2.4 Stealth
 - Level 3.0 Spellcasting
 + Level 2.5 Conjurations
 - Level 3.2 Fire Magic


You had 6 spell levels left.
You knew the following spells:

 Your Spells              Type           Power        Failure   Level  Hunger
z - Flame Tongue          Conj/Fire      ##...        4%          1    None

Your spell library contained the following spells:

 Spells                   Type           Power        Failure   Level  Hunger
 Fireball                 Conj/Fire      ##........   77%         5    ######.
 Conjure Flame            Conj/Fire      ##......     14%         3    ###....
 Throw Flame              Conj/Fire      ##....       7%          2    ##.....
 Sticky Flame             Conj/Fire      ##......     41%         4    ####...
 Inner Flame              Hex/Fire       #.......     24%         3    ###....

Inventory:

Armour
 a - a +0 robe (worn)
Scrolls
 b - 2 scrolls of blinking {unknown}
Comestibles
 c - a ration

Dungeon Overview and Level Annotations

Branches:
Dungeon (1/15)

Altars:

.▒▒.....▒▒▒...▒▒▒▒▒▒▒..........▒
.▒▒▒...▒▒ ▒▒..▒....▒...........▒
.▒▒.▒..▒▒ ▒▒....▒.l............▒
..▒▒▒...▒▒▒...▒▒▒'▒▒......(....▒
...▒▒▒.......▒▒▒l▒▒▒▒..........▒
.▒▒▒ ▒▒.....▒▒ ▒.▒▒▒▒.........▒▒
.▒ ▒▒▒.▒▒▒▒ ▒▒.▒.▒▒........▒ ▒▒
▒▒▒▒▒..▒.▒ ▒▒▒.▒▒▒▒.......▒ ▒
▒▒...▒▒...▒▒▒eg▒▒ ▒▒▒.....▒
▒..▒..▒.▒▒▒▒B▒▒▒ ▒▒▒. ▒
▒▒.▒▒▒....▒ ▒▒.▒▒ ▒▒▒..▒ ▒▒.▒▒▒
▒...▒ .▒▒..▒ ▒▒▒ ▒.▒.▒▒ ▒...▒▒
▒.†..▒ ▒▒▒▒▒ ▒▒.▒▒▒ ▒▒▒


You could see a giant cockroach and a hobgoblin.


Message History

You barely miss the giant cockroach.
The giant cockroach is heavily wounded.
The giant cockroach misses you. The hobgoblin barely misses you.
You completely miss the giant cockroach.
The giant cockroach is heavily wounded.
The giant cockroach bites you but does no damage.
The giant cockroach bites you but does no damage.
The hobgoblin barely misses you.
You closely miss the giant cockroach.
The giant cockroach is heavily wounded.
The giant cockroach closely misses you. The hobgoblin completely misses you.
Cast which spell? (? or * to list)
Aiming: Flame Tongue (safe; 4% risk of failure)
Press: ? - help, Shift-Dir - straight line, f - hobgoblin, p - giant cockroach
Aim: a hobgoblin, wielding a club The flame tongue hits the hobgoblin.
The hobgoblin appears unharmed.
The giant cockroach bites you but does no damage.
You hit the giant cockroach but do no damage.
The giant cockroach is heavily wounded.
The hobgoblin hits you but does no damage.
The giant cockroach bites you.
* * * LOW HITPOINT WARNING * * *
You hit the giant cockroach but do no damage.
The giant cockroach is heavily wounded.
The giant cockroach closely misses you. The hobgoblin hits you with a club.
You die...

Action                   || total
-------------------------++-------
Melee: Unarmed           ||    13
 Cast: Flame Tongue      ||    17
Armor: Robe              ||     9
Dodge: Dodged            ||    22

Vault maps used:
D:1:      dpeg_cavernosity, minmay_statues_item, skrybe_limestone_x,
          st_stairs_5, minmay_misc_feat_rows

Notes
Turn   | Place    | Note
-------+----------+-------------------------------------------
     0 | D:1      | HaroldButt the Deep Elf Fire Elementalist began the quest for the Orb.
     0 | D:1      | Reached XP level 1. HP: 10/10 MP: 6/6
   189 | D:1      | Reached skill level 2 in Conjurations
   204 | D:1      | Reached XP level 2. HP: 15/15 MP: 2/8
   262 | D:1      | Slain by a hobgoblin

Vanquished Creatures
  A leopard gecko (D:1)
  A giant cockroach (D:1)
  A goblin (D:1)
  2 hobgoblins (D:1)
  2 bats (D:1)
  A frilled lizard (D:1)
  2 kobolds (D:1)
  A rat (D:1)
11 creatures vanquished.
